 Dungeon Crawl Stone Soup version 0.28-a0-1002-gf00fe891ef (webtiles) character file.

Game seed: 8956655357509101985

18120 fragbeetle the Cleaver (level 12, -12/110 HPs)
             Began as a Minotaur Fighter on Dec 7, 2021.
             Was an Elder of the Shining One.
             Shot with an arrow by a centaur warrior (17 damage)
             ... on level 13 of the Dungeon.
             The game lasted 00:40:21 (11264 turns).

fragbeetle the Cleaver (Minotaur Fighter)          Turns: 11264, Time: 00:40:21

Health: -12/110    AC:  6    Str: 22    XL:     12   Next: 24%
Magic:  11/13      EV: 11    Int:  9    God:    the Shining One [****..]
Gold:   557        SH:  5    Dex: 10    Spells: 11/14 levels left

rFire   . . .      SeeInvis .   J - +2 flail (vorpal)
rCold   . . .      Faith    .   c - +0 buckler
rNeg    + + .      Spirit   .   j - +2 steam dragon scales
rPois   .          Reflect  .   (helmet restricted)
rElec   .          Harm     .   (no cloak)
rCorr   +          Rampage  .   M - +0 pair of gloves
Will    .....                   (no boots)
Stlth   +.........              w - amulet of regeneration
HPRegen 1.08/turn               E - +4 ring of protection
MPRegen 0.13/turn               n - ring of resist corrosion

@: mighty, corroded, on blink cooldown, glowing
A: horns 2, retaliatory headbutt
a: Renounce Religion, Divine Shield, Cleansing Flame


You were on level 13 of the Dungeon.
You worshipped the Shining One.
The Shining One was greatly pleased with you.
You visited 2 branches of the dungeon, and saw 14 of its levels.
You also visited: Ossuary.

You collected 653 gold pieces.
You spent 96 gold pieces at shops.

Inventory:

Hand Weapons
 a - a +1 war axe
 m - a +4 flail
 I - a +0 vorpal war axe
 J - a +2 vorpal flail (weapon)
Missiles
 e - 4 boomerangs of dispersal (quivered)
 F - a boomerang
 K - 2 throwing nets
Armour
 c - a +0 buckler (worn)
 j - +2 steam dragon scales (worn)
 M - a +0 pair of gloves (worn)
Magical Staves
 P - a staff of conjuration
Jewellery
 k - a ring of protection from fire
 n - a ring of resist corrosion (right hand)
 v - a ring of positive energy
 w - an amulet of regeneration (around neck)
 z - a ring of see invisible
 A - a ring of ice
 E - a +4 ring of protection (left hand)
 O - a +6 ring of dexterity
Wands
 o - a wand of iceblast (5)
 q - a wand of polymorph (7)
 u - a wand of flame (22)
Scrolls
 b - 2 scrolls of immolation
 f - a scroll of enchant weapon
 h - 3 scrolls of noise
 s - a scroll of acquirement {unknown}
 t - 5 scrolls of teleportation
 x - 2 scrolls of amnesia
 y - 3 scrolls of summoning
 C - a scroll of silence
 D - 2 scrolls of magic mapping {unknown}
 L - a scroll of fog {unknown}
Potions
 d - a potion of might
 g - 3 potions of brilliance
 i - 5 potions of curing
 l - a potion of mutation {unknown}
 p - a potion of berserk rage
 r - a potion of cancellation {unknown}
 B - a potion of heal wounds
 G - 2 potions of haste
 H - 2 potions of resistance
 N - a potion of magic {unknown}


   Skills:
 + Level 11.3 Fighting
 + Level 14.7(15.7) Axes
 + Level 9.3(13.1) Maces & Flails
 + Level 0.3 Throwing
 + Level 8.0 Armour
 - Level 1.0 Dodging
 - Level 0.7 Stealth
 + Level 7.8 Shields
 + Level 1.5 Spellcasting
 + Level 0.6 Hexes
 + Level 4.6 Translocations
 * Level 1.0 Invocations


You had 11 spell levels left.
You knew the following spells:

 Your Spells              Type           Power      Damage    Failure   Level
a - Blink                 Tloc           18%        N/A       8%          2
b - Slow                  Hex            4%         N/A       26%         1

Your spell library contained the following spells:

 Spells                   Type           Power      Damage    Failure   Level
 Confusing Touch          Hex            1%         N/A       63%         3
 Vampiric Draining        Necr           0%         2d6       71%         3
 Manifold Assault         Tloc           9%         N/A       82%         5
 Summon Forest            Summ/Tloc      2%         N/A       98%         5
 Summon Mana Viper        Hex/Summ       1%         N/A       100%        5
 Summon Cactus Giant      Summ           0%         N/A       100%        6
 Storm Form               Tmut/Air       0%         N/A       100%        7


Dungeon Overview and Level Annotations

Branches:
Dungeon (13/15)            Temple (1/1) D:6            Lair (0/6) D:10
    Orc (0/2) D:12        Ossuary (visited)
 Vaults: D:13-14

Altars:
Ashenzari
Cheibriados
Dithmenos
Elyvilon
Fedhas
Gozag
Hepliaklqana
Kikubaaqudgha
Makhleb
Nemelex Xobeh
Okawaru
Qazlal
Ru
Sif Muna
Trog
Uskayaw
Vehumet
Wu Jian
Xom
Yredelemnul
Zin
The Shining One

Shops:
D:9 !

Annotations:
D:9 1 runed translucent door, Dvallin's ghost, journeyman GrIE
D:13 exclusion: ice statue


Innate Abilities, Weirdness & Mutations

You have a pair of horns on your head.
You reflexively headbutt those who attack you in melee.


Message History

Marking area around an ice statue as unsafe for travelling.
A five-headed hydra comes into view.
The five-headed hydra roars!
You see here 9 gold pieces.
The ice statue gestures.
You feel very mighty all of a sudden.
You sock the five-headed hydra!
The five-headed hydra is moderately wounded.
The five-headed hydra bites you but does no damage.
The five-headed hydra bites you! The five-headed hydra bites you.
You block the five-headed hydra's attack.
The five-headed hydra bites you!
You hit the five-headed hydra but do no damage.
You headbutt the five-headed hydra!
The five-headed hydra is moderately wounded.
The five-headed hydra bites you! x2
The five-headed hydra barely misses you.
The five-headed hydra closely misses you.
The five-headed hydra misses you.
You bludgeon the five-headed hydra!!
The five-headed hydra is almost dead.
You hear a shout!
A centaur warrior comes into view.
The five-headed hydra bites you!
* * * LOW HITPOINT WARNING * * *
The five-headed hydra bites you but does no damage.
The five-headed hydra bites you.
* * * LOW HITPOINT WARNING * * *
The five-headed hydra bites you!
* * * LOW HITPOINT WARNING * * *
The five-headed hydra bites you!
* * * LOW HITPOINT WARNING * * *
Okay, then.
Casting: Slow (safe; 26% risk of failure)
Confirm with . or Enter, or press ? or * to list all spells.
You blink.
The centaur warrior wields a +0 shortbow.
The centaur warrior shoots an arrow.
The arrow closely misses you.
The centaur warrior shoots an arrow.
The arrow hits you!
You die...

.......#.#.####.............
.(.......#..................
.8.......#'##########..##...
.......#...†.#####........##
.............+.........#....
.......$#.§..#####..##......
.........YD.................
.........#..######...#......
....c......@# #.......##.
##.###.#.##.# #...##..##. ..
......... #.......... #
#.#.#.##### ##...###.###
..#.#.. .......<...# .# #
### #.#.#.##....#
.....#.......#
.#.#.####.#..# ......


You could see a five-headed hydra, a centaur warrior and an ice beast
(summoned).

Vanquished Creatures
  Erolcha (D:9)
  An ogre mage (D:11)
  A boulder beetle (D:12)
  7 two-headed ogres
  2 slime creatures (D:12)
  An ugly thing (D:13)
  A cyclops (D:12)
  A kobold demonologist (D:11)
  2 unseen horrors (D:11)
  Psyche (D:8)
  A jumping spider (shapeshifter) (D:10)
  3 trolls
  Prince Ribbit (D:8)
  A hornet (D:8)
  3 shadows
  A wraith (D:12)
  Eustachio (D:6)
  2 wyverns
  4 steam dragons
  7 vampire mosquitoes
  Menkaure (D:6)
  3 wargs (D:12)
  Duvessa (D:5)
  An orc warrior (D:10)
  2 black bears
  A sky beast (D:5)
  A necrophage (D:6)
  7 centaurs
  3 ogres
  5 boggarts (D:12)
  3 phantoms
  4 kobold brigands
  Blork the orc (D:4)
  4 bullfrogs
  A water moccasin zombie (D:6)
  15 scorpions
  Dowan (D:5)
  A howler monkey (D:5)
  5 centaur zombies
  2 hounds
  2 human zombies (Ossuary)
  A jelly (D:4)
  2 gnoll shamans
  3 orc priests
  Crazy Yiuf (D:6)
  An iguana (D:4)
  3 bullfrog skeletons
  Ijyb (D:3)
  6 orc wizards
  2 scorpion zombies (Ossuary)
  2 hound skeletons (D:4)
  4 mummies
  2 howler monkey zombies
  9 gnolls
  5 adders
  A shadow imp (D:7)
  A white imp (D:6)
  An ufetubus (D:5)
  A worm (D:2)
  5 dart slugs
  23 orcs
  5 endoplasms
  3 giant cockroaches
  3 gnoll zombies (Ossuary)
  4 hobgoblins
  3 quokkas
  5 ball pythons
  4 bats
  4 frilled lizards
  4 goblins
  2 goblin zombies
  A hobgoblin zombie (Ossuary)
  21 kobolds
  3 kobold zombies (Ossuary)
  3 orc zombies
  2 rats (D:3)
247 creatures vanquished.

Vanquished Creatures (others)
  3 fungi (D:6)
  12 plants
15 creatures vanquished.

Grand Total: 262 creatures vanquished

Notes
Turn   | Place    | Note
-------+----------+-------------------------------------------
     0 | D:1      | fragbeetle the Minotaur Fighter began the quest for the
                  | Orb.
     0 | D:1      | Reached XP level 1. HP: 19/19 MP: 0/0
   316 | D:1      | Found a faded altar of an unknown god.
   373 | D:1      | Reached XP level 2. HP: 21/27 MP: 1/1
  1085 | D:2      | Reached skill level 3 in Axes
  1729 | D:3      | Reached XP level 3. HP: 33/33 MP: 2/2
  2272 | D:3      | Reached XP level 4. HP: 24/40 MP: 3/3
  2488 | D:3      | Reached skill level 4 in Axes
  2586 | D:3      | Noticed Ijyb
  2603 | D:3      | Killed Ijyb
  2604 | D:3      | Reached skill level 5 in Armour
  2824 | D:4      | Found a radiant altar of Vehumet.
  2844 | D:4      | Reached XP level 5. HP: 46/46 MP: 4/4
  2945 | D:4      | Noticed a black bear
  2986 | D:5      | Entered Level 5 of the Dungeon
  2996 | D:4      | Killed a black bear
  2997 | D:4      | Reached skill level 1 in Dodging
  2997 | D:4      | Reached XP level 6. HP: 24/53 MP: 5/5
  3039 | D:4      | Reached skill level 5 in Axes
  3047 | D:4      | Found a sand-covered staircase.
  3055 | Ossuary  | Entered an ossuary
  3250 | Ossuary  | Reached skill level 6 in Axes
  3261 | Ossuary  | Reached XP level 7. HP: 48/60 MP: 6/6
  3270 | Ossuary  | Reached skill level 5 in Fighting
  3521 | Ossuary  | Reached skill level 7 in Axes
  3532 | Ossuary  | Reached skill level 5 in Shields
  3635 | Ossuary  | Reached skill level 8 in Axes
  3635 | Ossuary  | Reached XP level 8. HP: 69/70 MP: 7/7
  3783 | D:4      | Noticed Blork the orc
  3794 | D:4      | Killed Blork the orc
  3912 | D:4      | You fall into a shaft and drop 2 floors!
  3914 | D:6      | Reached skill level 9 in Axes
  4656 | D:5      | Noticed Duvessa
  4656 | D:5      | Noticed Dowan
  4663 | D:5      | Killed Duvessa
  4664 | D:5      | Killed Dowan
  4811 | D:5      | Reached skill level 10 in Axes
  4908 | D:5      | Found a glowing golden altar of the Shining One.
  4908 | D:5      | Found a snail-covered altar of Cheibriados.
  4915 | D:5      | Became a worshipper of the Shining One
  5094 | D:5      | Reached XP level 9. HP: 73/78 MP: 8/8
  5340 | D:6      | Noticed Eustachio
  5350 | D:6      | Killed Eustachio
  5522 | D:6      | Found a basalt altar of Yredelemnul.
  5578 | D:6      | Reached skill level 11 in Axes
  5728 | D:6      | Found a staircase to the Ecumenical Temple.
  5737 | Temple   | Entered the Ecumenical Temple
  6094 | D:6      | Reached * piety under the Shining One
  6111 | D:6      | Noticed Menkaure
  6118 | D:6      | Killed Menkaure
  6277 | D:6      | Found a runed translucent door.
  6278 | D:6      | Noticed Crazy Yiuf
  6284 | D:6      | Killed Crazy Yiuf
  6431 | D:7      | Reached skill level 12 in Axes
  7097 | D:7      | Learned a level 2 spell: Blink
  7101 | D:7      | Learned a level 1 spell: Slow
  7137 | D:8      | Found a burning altar of Makhleb.
  7198 | D:8      | Noticed Prince Ribbit
  7205 | D:8      | Killed Prince Ribbit
  7207 | D:8      | Paralysed by a hornet for 1 turns
  7212 | D:8      | Reached XP level 10. HP: 57/90 MP: 9/9
  7359 | D:8      | Noticed Psyche
  7409 | D:8      | Killed Psyche
  7477 | D:8      | Reached skill level 1 in Translocations
  7556 | D:8      | Reached skill level 13 in Axes
  7895 | D:9      | Found a bloodstained altar of Trog.
  7934 | D:9      | Noticed Erolcha
  7946 | D:9      | Killed Erolcha
  7949 | D:9      | Found a runed translucent door.
  7975 | D:9      | Noticed Dvallin's ghost (journeyman GrIE)
  7998 | D:9      | Found Keazxuga's Distillery.
  7999 | D:9      | Reached ** piety under the Shining One
  8007 | D:9      | Bought a potion of heal wounds for 60 gold pieces
  8007 | D:9      | Bought a potion of lignification for 36 gold pieces
  8263 | D:9      | Found an ornate altar of the Wu Jian Council.
  8401 | D:10     | Entered Level 10 of the Dungeon
  8504 | D:10     | Found a staircase to the Lair.
  8617 | D:10     | Found an iron altar of Okawaru.
  8626 | D:10     | Reached skill level 14 in Axes
  8648 | D:10     | Noticed a two-headed ogre
  8659 | D:10     | Killed a two-headed ogre
  8665 | D:10     | Found an opulent altar of Gozag.
  8791 | D:10     | Found a large runed translucent door.
  8794 | D:10     | Found a large runed translucent door.
  8803 | D:10     | Found a sacrificial altar of Ru.
  8816 | D:10     | Found a glowing silver altar of Zin.
  8903 | D:10     | Reached skill level 1 in Maces & Flails
  8903 | D:10     | Reached XP level 11. HP: 99/99 MP: 11/11
  9121 | D:11     | Reached skill level 10 in Fighting
  9271 | D:11     | Noticed a two-headed ogre
  9274 | D:11     | Noticed a two-headed ogre
  9275 | D:11     | Noticed a two-headed ogre
  9276 | D:11     | Noticed an ogre mage
  9276 | D:11     | Noticed a two-headed ogre
  9356 | D:12     | Killed a two-headed ogre
  9418 | D:11     | Noticed a two-headed ogre
  9432 | D:12     | Killed a two-headed ogre
  9493 | D:12     | Noticed a two-headed ogre
  9505 | D:12     | Killed a two-headed ogre
  9590 | D:12     | Reached *** piety under the Shining One
  9591 | D:12     | Noticed a boulder beetle
  9609 | D:12     | Noticed a boulder beetle
  9609 | D:12     | Noticed a deep elf pyromancer
  9614 | D:12     | Noticed a boulder beetle
  9631 | D:12     | Killed a boulder beetle
  9632 | D:12     | Reached skill level 5 in Maces & Flails
  9853 | D:11     | HP: 1/101 [ogre mage (7)]
  9996 | D:11     | Reached skill level 1 in Spellcasting
 10024 | D:11     | Killed an ogre mage
 10032 | D:11     | Killed a two-headed ogre
 10047 | D:11     | Killed a two-headed ogre
 10243 | D:11     | Killed a two-headed ogre
 10673 | D:12     | Reached XP level 12. HP: 110/110 MP: 13/13
 10679 | D:12     | Noticed a boulder beetle
 10680 | D:12     | Noticed a two-headed ogre
 10686 | D:12     | Noticed a death knight
 10991 | D:12     | Found a staircase to the Orcish Mines.
 11211 | D:13     | Reached **** piety under the Shining One
 11247 | D:13     | Reached skill level 1 in Invocations
 11251 | D:13     | Noticed a five-headed hydra
 11262 | D:13     | Noticed a centaur warrior
 11262 | D:13     | HP: 3/110 [five-headed hydra (15)]
 11264 | D:13     | Shot with an arrow by a centaur warrior

Illustrated notes

Levels and vault maps discovered:
D:1:      wander_arrival_peaceful_grave, layout_basic,
          shapermc_ecumenical_altar_mp_vishouse, due_unseen_surprise
D:2:      layout_basic
D:3:      layout_basic, uniq_ijyb
D:4:      layout_basic, vehumet_altar_wand_db, nicolae_ossuary_entry_giza,
          uniq_blork_the_orc
D:5:      layout_loops_ring, gammafunk_temple_overflow_pools,
          minmay_misc_feat_secret_circle, lexackson_kobold_supper, uniq_duvessa
D:6:      cheibrodos_steamvent, layout_basic, general_overflow_altar,
          minmay_temple_entry_hall, uniq_menkaure, uniq_crazy_yiuf_cottage,
          uniq_eustachio
D:7:      layout_cave_pods
D:8:      layout_cave_pools, bloody_makhleb, uniq_prince_ribbit1, uniq_psyche
D:9:      layout_basic, nicolae_wu_jian_glorious_leap,
          mainiacjoe_overflow_six_doors_small, hellmonk_ghost_big_iron,
          serial_shops, kennysheep_little_box, nicolae_sextant, uniq_erolcha
D:10:     layout_cave_pools, nicolae_overflow_crystal_walls,
          jmf_multi_god_temple2, okawaru_altar_gauntlet_db, kennysheep_nub
D:11:     layout_basic, chequers_serial_rivers_small_a
D:12:     layout_basic, minmay_orc_entry_guard_dogs, drop_trap
D:13:     layout_basic, david_vaults_5, minivault_16, uniq_maurice
Temple:   minmay_freezing_vapour_temple

Skill      XL: |  1  2  3  4  5  6  7  8  9 10 11 12 |
---------------+-------------------------------------+-----
Armour         | 4 5 6 7 8 |  8.0
Axes           | 3 4 6 8 10 12 14 | 14.7
Shields        | 4 5 6 7 |  7.8
Fighting       | 4 5 6 8 9 11 | 11.3
Dodging        | 1 |  1.0
Translocations | 2 4 |  4.6
Maces & Flails | 1 8 9 |  9.3
Spellcasting   | 1 |  1.5
Invocations    | 1 |  1.0
Throwing       | |  0.3
Stealth        | |  0.7
Hexes          | |  0.6

Action                   |  1- 3 |  4- 6 |  7- 9 | 10-12 || total
-------------------------+-------+-------+-------+-------++-------
Melee: War axe           |    64 |    92 |   280 |   101 ||   537
       Headbutt          |    12 |    20 |    54 |    80 ||   166
       Flail             |       |       |       |   301 ||   301
       Unarmed           |       |       |       |     1 ||     1
Throw: Boomerang         |       |       |     2 |       ||     2
 Cast: Blink             |       |       |       |     5 ||     5
       Slow              |       |       |       |     5 ||     5
  Use: Scroll            |     2 |       |     9 |     8 ||    19
       Potion            |       |     1 |     3 |     6 ||    10
Armor: Scale mail        |    28 |    32 |    72 |       ||   132
       Skin              |       |     6 |       |       ||     6
       Steam dragon scal |       |       |    14 |   122 ||   136
Dodge: Dodged            |    33 |    53 |   110 |   175 ||   371
Block: Buckler           |    18 |    19 |    54 |    73 ||   164

Table legend: (Time is in decaauts)
 A = Elapsed time spent in this place.
 B = Non-inter-level travel time spent in this place.
 C = Inter-level travel time spent in this place.
 D = Time resting spent in this place.
 E = Time spent auto-exploring this place.
 F = Levels seen in this place.
 G = Mean time per level.
                   A        B        C        D        E       F      G
               +--------+--------+--------+--------+--------+-----+--------+
         Total |  11264 |  11071 |    193 |    902 |   6582 |  15 |  750.9 |
       Dungeon |  10587 |  10394 |    193 |    616 |   6572 |  13 |  814.4 |
        Temple |     15 |     15 |      0 |      0 |     10 |   1 |   15.0 |
       Ossuary |    661 |    661 |      0 |    286 |      0 |   1 |  661.0 |
               +--------+--------+--------+--------+--------+-----+--------+

Top non-repeatable levels by time:
     D:6: 1106 daAuts
    D:12: 1064 daAuts
     D:1: 1040 daAuts
    D:11: 1010 daAuts
     D:3: 973 daAuts
     D:4: 925 daAuts
     D:5: 854 daAuts
     D:2: 838 daAuts
     D:7: 795 daAuts
     D:9: 687 daAuts
    D:10: 665 daAuts
 Ossuary: 661 daAuts
     D:8: 549 daAuts
    D:13: 74 daAuts
  Temple: 15 daAuts
